[Event "*** SCC Grand Prix: Titled Tuesday Blitz"]
[Site "Chess.com"]
[Date "2020.10.13"]
[Round "8"]
[White "Unknown_IM"]
[Black "swayamsm"]
[Result "0-1"]
[WhiteElo "2385"]
[BlackElo "2637"]
[TimeControl "180+1"]
[EndTime "11:32:20 PDT"]
[Termination "swayamsm won by resignation"]

1. e4 e6 2. d4 d5 3. e5 c5 4. c3 Nc6 5. Nf3 Qb6 6. a3 Nh6 7. b4 cxd4 8. Bxh6 gxh6 9. cxd4 Bd7 10. g3 Rc8 11. Bg2 Rg8 12. O-O Rg4 13. h3 Rxd4 14. Nxd4 Qxd4 15. Nd2 Nxe5 16. Nb3 Qxd1 17. Raxd1 Ba4 18.
Rb1 Nc4 19. Nd4 Nxa3 20. Ra1 Bxb4 21. Ra2 b5 22. Re2 Kf8 23. Kh2 Nc2 24. Nxc2 Rxc2 25. Rxc2 Bxc2 26. Rc1 Bd3 27. Rc8+ Kg7 28. Rc7 a5 29. Bf3 a4 30. Ra7 a3 31. Kg2 Bc4 32. Bh5 a2 33. Rxf7+ Kg8 34. Ra7 Bc3 35. Bf7+ Kf8 36.
Bxe6 a1=Q 37. Re7 0-1

[Event "*** SCC Grand Prix: Titled Tuesday Blitz"]
[Site "Chess.com"]
[Date "2020.10.13"]
[Round "8"]
[White "shrek4life02"]
[Black "chito89"]
[Result "0-1"]
[WhiteElo "2589"]
[BlackElo "2800"]
[TimeControl "180+1"]
[EndTime "11:32:22 PDT"]
[Termination "chito89 won by checkmate"]

1. d4 d5 2. Bf4 c5 3. e3 Nc6 4. Nf3 cxd4 5. exd4 Bg4 6. c3 e6 7. Nbd2 Nge7 8. Qb3 Qd7 9. Bb5 Ng6 10. Ne5 Ngxe5 11.
Bxe5 a6 12. Bxc6 Qxc6 13. O-O f6 14. Bg3 h5 15. h3 Bf5 16. Rfe1 h4 17. Bh2 Rc8 18. Nf1 Be7 19. Ne3 Bg6 20. f4 Be4 21. f5 exf5 22. Rf1 g6 23. Rae1 O-O 24. Rf4 Rf7 25. Rxh4 Bf8 26. Rf4 Re8 27. Rf2 b5 28. Rfe2 Rfe7 29. Qd1 Bh6 30. Nc2 Qc4 31. Ne3 Qxa2 32. b3 Bxe3+ 33. Rxe3 Qxg2# 0-1

[Event "*** SCC Grand Prix: Titled Tuesday Blitz"]
[Site "Chess.com"]
[Date "2020.10.13"]
[Round "8"]
[White "NikolaGry"]
[Black "grunbergmihai"]
[Result "1-0"]
[WhiteElo "2640"]
[BlackElo "2441"]
[TimeControl "180+1"]
[EndTime "11:32:22 PDT"]
[Termination "NikolaGry won by resignation"]

1. e4 Nf6 2. e5 Nd5 3. d4 d6 4. Nf3 dxe5 5. Nxe5 c6 6. Bc4 Nd7 7. Nxd7 Qxd7 8. O-O Qg4 9. Be2 Qg6 10. c4 Nf6 11. d5 Bg4 12. Nc3 Bxe2 13. Qxe2 Qh5 14. f3 Rd8 15. g4 Qh3 16. Bf4 g6 17. Rfe1 Rd7 18.
Qe5 Qxf3 19. Qxf6 Qxg4+ 20. Bg3 Rg8 21. Ne4 cxd5 22. Nd6+ Kd8 23. Qxf7 Qd4+ 24. Kh1 Qg7 25. Qe8+ 1-0

[Event "*** SCC Grand Prix: Titled Tuesday Blitz"]
[Site "Chess.com"]
[Date "2020.10.13"]
[Round "8"]
[White "MathiasWomacka"]
[Black "Matveev_Vladimir"]
[Result "0-1"]
[WhiteElo "2491"]
[BlackElo "2686"]
[TimeControl "180+1"]
[EndTime "11:32:22 PDT"]
[Termination "Matveev_Vladimir won by resignation"]

1. e4 c5 2. Nf3 d6 3. d4 cxd4 4.
Nxd4 Nf6 5. Nc3 a6 6. Be2 e5 7. Nb3 Be6 8. f4 Qc7 9. g4 h6 10. g5 hxg5 11. fxg5 Nfd7 12. Bg4 Nc6 13. Bxe6 fxe6 14.
Qg4 O-O-O 15. Qxe6 Nd4 16. Nxd4 exd4 17. Nd5 Qxc2 18.
Bf4 Kb8 19. Rc1 Qxb2 20. O-O Ne5 21. Rf2 Qa3 22. Rfc2 Qf3 23. Rc8+ Rxc8 24. Qxc8+ Ka7 25. Rb1 Qg4+ 26. Bg3 Qxc8 0-1

[Event "*** SCC Grand Prix: Titled Tuesday Blitz"]
[Site "Chess.com"]
[Date "2020.10.13"]
[Round "8"]
[White "nochewycandy"]
[Black "mr_gustavo"]
[Result "0-1"]
[WhiteElo "2529"]
[BlackElo "2426"]
[TimeControl "180+1"]
[EndTime "11:32:22 PDT"]
[Termination "mr_gustavo won by resignation"]

1. e4 e5 2. Qh5 Nc6 3. Bc4 g6 4. Qf3 Nf6 5. Ne2 Bg7 6. d3 O-O 7.
Nbc3 Na5 8. Bg5 Nxc4 9. dxc4 h6 10. Be3 d6 11. O-O-O Ng4 12. c5 Nxe3 13. Qxe3 Be6 14.
cxd6 cxd6 15. Nd5 Rc8 16. Kb1 f5 17. f3 a5 18. Nec3 Rc5 19. a4 Bxd5 20. Rxd5 Rxd5 21. Nxd5 Qd7 22. Qb3 Kh7 23. Rd1 fxe4 24. fxe4 Rf2 25. Qg3 Qf7 26. b3 h5 27. Nb6 Qf4 28. Qxf4 exf4 29. Rg1 Bd4 30. Nc4 Re2 31. Rd1 Bg7 32. Nxd6 Rxg2 33. b4 f3 34. Rf1 f2 35. Nxb7 Rg1 0-1

[Event "*** SCC Grand Prix: Titled Tuesday Blitz"]
[Site "Chess.com"]
[Date "2020.10.13"]
[Round "8"]
[White "WonderChampion"]
[Black "Samantha_Ross"]
[Result "1-0"]
[WhiteElo "2045"]
[BlackElo "2257"]
[TimeControl "180+1"]
[EndTime "11:32:23 PDT"]
[Termination "WonderChampion won by checkmate"]

1. d4 Nf6 2. Nf3 c5 3. dxc5 e6 4. c4 Na6 5. Nc3 Nxc5 6. Bg5 Be7 7. e3 O-O 8. Be2 Nce4 9. Nxe4 Nxe4 10. Bxe7 Qxe7 11.
O-O b6 12. Bd3 Bb7 13. Nd4 a6 14. Qg4 f5 15. Qh3 g5 16. f3 Nc5 17. Bc2 Qg7 18.
b4 f4 19. bxc5 fxe3 20. Rad1 bxc5 21. Ne2 Bc6 22. Rfe1 Rab8 23. Nc3 Rb2 24. Re2 Rf7 25. Bxh7+ Qxh7 26. Rxb2 Qxh3 27. gxh3 Bxf3 28. Rf1 e2 29. Nxe2 Bxe2 30. Rxe2 Rg7 31. Rg2 Kh7 32. Rf3 Kh6 33.
Rfg3 Rg6 34. Rg4 Kh5 35. h4 d5 36. Rxg5+ Rxg5 37. hxg5 Kh4 38. g6 d4 39. g7 d3 40.
g8=Q d2 41. Qh8# 1-0

[Event "*** SCC Grand Prix: Titled Tuesday Blitz"]
[Site "Chess.com"]
[Date "2020.10.13"]
[Round "8"]
[White "Aguiar94"]
[Black "alexgo05"]
[Result "1/2-1/2"]
[WhiteElo "2575"]
[BlackElo "2448"]
[TimeControl "180+1"]
[EndTime "11:32:24 PDT"]
[Termination "Game drawn by repetition"]

1. e4 d6 2. d4 Nf6 3. Nc3 Nbd7 4. Nf3 e5 5. Bc4 Be7 6. Ng5 O-O 7. Bxf7+ Rxf7 8.
Ne6 Qe8 9. Nxc7 Qd8 10. Nxa8 a6 11. dxe5 dxe5 12. Be3 b5 13. Nd5 Nxe4 14. Nac7 Bd6 15. Ne6 Qh4 16. O-O Ndf6 17. Nxf6+ Rxf6 18. Nd8 Rg6 19. Qd5+ Be6 20. Nxe6 Rxg2+ 21. Kxg2 Qg4+ 22. Kh1 Qf3+ 23. Kg1 Qg4+ 24. Kh1 Qf3+ 25. Kg1 Qg4+ 26. Kh1 1/2-1/2

[Event "*** SCC Grand Prix: Titled Tuesday Blitz"]
[Site "Chess.com"]
[Date "2020.10.13"]
[Round "8"]
[White "Kaslask"]
[Black "zurzan"]
[Result "1-0"]
[WhiteElo "2268"]
[BlackElo "1988"]
[TimeControl "180+1"]
[EndTime "11:32:26 PDT"]
[Termination "Kaslask won by checkmate"]

1. d4 f5 2. g3 Nf6 3. Bg2 g6 4. Nf3 Bg7 5. b3 O-O 6. Bb2 d6 7. Nbd2 c6 8. c4 Na6 9. O-O Qc7 10. a3 Bd7 11. Qc2 Rae8 12. e4 e5 13. dxe5 dxe5 14. b4 f4 15. c5 h6 16. Nc4 Nxe4 17. Nfxe5 Ng5 18. Nd6 f3 19. Nxf3 Nxf3+ 20. Bxf3 Rxf3 21. Qxg6 Re7 22. Rae1 Bh3 23. Bxg7 Rxg7 24. Re8+ Rf8 25. Rxf8+ Kxf8 26. Qe8# 1-0

[Event "*** SCC Grand Prix: Titled Tuesday Blitz"]
[Site "Chess.com"]
[Date "2020.10.13"]
[Round "8"]
[White "NiranjanNavalgund"]
[Black "NMZanette"]
[Result "1-0"]
[WhiteElo "2444"]
[BlackElo "2255"]
[TimeControl "180+1"]
[EndTime "11:32:27 PDT"]
[Termination "NiranjanNavalgund won by resignation"]

1. d4 f5 2. Nh3 Nf6 3. Nf4 e6 4. h4 Bd6 5. g3 O-O 6. Bg2 c6 7. c4 Bb4+ 8. Bd2 Be7 9. O-O d5 10. Nc3 Ne4 11. Nxe4 fxe4 12. Rc1 Bf6 13. e3 Na6 14.
Bc3 Bd7 15. Qb3 Qb6 16. c5 Qxb3 17. axb3 Nc7 18. b4 Nb5 19. Bh3 Kf7 20. Rfd1 Ke7 21. Kg2 g6 22. Ra1 a6 23. Rh1 Rae8 24. Bg4 Nxc3 25.
bxc3 e5 26. Bxd7 Kxd7 27. Nh3 exd4 28. cxd4 Ra8 29. Nf4 Bd8 30. b5 cxb5 31. Nxd5 Bc7 32. Nc3 Rae8 33. d5 Be5 34. Rac1 Bxc3 35. Rxc3 Rf5 36. Rd1 Rc8 37. Rd4 Re5 38. Rc1 Kc7 39.
c6 bxc6 40. Rxc6+ Kb7 41. Rf6 Rc7 42. Rd6 a5 43. Rd8 b4 44. d6 Rf7 45. d7 Kc7 46. Rc8+ 1-0

[Event "*** SCC Grand Prix: Titled Tuesday Blitz"]
[Site "Chess.com"]
[Date "2020.10.13"]
[Round "8"]
[White "juancruzarias"]
[Black "kreonx"]
[Result "1-0"]
[WhiteElo "2532"]
[BlackElo "2364"]
[TimeControl "180+1"]
[EndTime "11:32:28 PDT"]
[Termination "juancruzarias won on time"]

1. e4 c6 2. Nc3 d5 3. Nf3 dxe4 4. Nxe4 Nf6 5. Qe2 Nxe4 6. Qxe4 Nd7 7. Bc4 Nf6 8. Ne5 e6 9. Qe2 Be7 10. O-O O-O 11. Re1 Qc7 12. d4 Nd5 13. c3 b6 14.
Bxd5 cxd5 15. Bf4 Bd6 16. Qf3 Bd7 17. Re3 f6 18. Nd3 Rae8 19. Rae1 g5 20. Bxd6 Qxd6 21. Qh5 Re7 22. h4 Rg7 23. Rg3 Be8 24. Qe2 Bf7 25. hxg5 Rxg5 26. Rxg5+ fxg5 27. Ne5 Re8 28. Qd2 h6 29. f4 Qe7 30. Rf1 Rf8 31. f5 Be8 32. fxe6 Rxf1+ 33. Kxf1 Qxe6 34. Qe2 Kg7 35. Kg1 Qf5 36. Qa6 1-0

[Event "*** SCC Grand Prix: Titled Tuesday Blitz"]
[Site "Chess.com"]
[Date "2020.10.13"]
[Round "8"]
[White "Chesswizard_2007"]
[Black "seorobert1971"]
[Result "1-0"]
[WhiteElo "2593"]
[BlackElo "2713"]
[TimeControl "180+1"]
[EndTime "11:32:31 PDT"]
[Termination "Chesswizard_2007 won by resignation"]

1. Nh3 c6 2. g3 d5 3. Bg2 e5 4.
O-O Nf6 5. f4 Bd6 6. d3 O-O 7. Nc3 Nbd7 8. e4 Nb6 9. f5 dxe4 10.
dxe4 Bc5+ 11. Kh1 Qxd1 12. Rxd1 Bd7 13. Bg5 Be7 14. a4 a5 15. b3 Rad8 16. Be3 Nc8 17.
Nf2 Bb4 18. Ne2 Bd6 19. g4 Bc7 20. Ng3 b6 21. Bg5 Bd6 22. Rd3 Be7 23. Rad1 Nd6 24. Rxd6 Bxd6 25. Rxd6 Bc8 26. Rxd8 Rxd8 27. Bxf6 gxf6 28.
Nd3 Ba6 29. Bf1 Kf8 30. Kg1 Bb7 31. Kf2 Ke7 32. Ke3 c5 33. Nb2 Bc6 34. Bc4 Rd7 35.
Nd3 Rd4 36. Nf2 Rd8 37. Ne2 h6 38. Nc3 Rd4 39. Nd5+ Bxd5 40. Bxd5 1-0

[Event "*** SCC Grand Prix: Titled Tuesday Blitz"]
[Site "Chess.com"]
[Date "2020.10.13"]
[Round "8"]
[White "Sanan_Sjugirov"]
[Black "Gabrielian_Artur"]
[Result "1-0"]
[WhiteElo "2900"]
[BlackElo "2789"]
[TimeControl "180+1"]
[EndTime "11:32:32 PDT"]
[Termination "Sanan_Sjugirov won on time"]

1. d4 Nf6 2. c4 c5 3. d5 e6 4. Nc3 exd5 5. cxd5 d6 6. Nf3 g6 7. Bf4 Bg7 8. e3 O-O 9. h3 Re8 10. Bb5 Bd7 11. Be2 Ne4 12. Nxe4 Rxe4 13. O-O Qb6 14. Nd2 Rxf4 15. exf4 Qxb2 16. Rb1 Qxa2 17. Rxb7 Ba4 18.
Qc1 Qxd5 19. Bf3 Qd4 20. Nb3 Qf6 21. Qc4 Bc6 22. Bd5 Bxd5 23. Qxd5 Na6 24. Rd7 Rd8 25. Rxd8+ Qxd8 26. Rd1 Nb4 27. Qxc5 dxc5 28. Rxd8+ Bf8 29. Nxc5 Kg7 30. Nd3 Nc6 31. Rd7 a5 32. Ne5 Nxe5 33. fxe5 a4 34. e6 a3 35. Rxf7+ Kg8 36. Ra7 Bc5 37. Ra5 Bd4 38. Rxa3 Kg7 39. Rf3 1-0

[Event "*** SCC Grand Prix: Titled Tuesday Blitz"]
[Site "Chess.com"]
[Date "2020.10.13"]
[Round "8"]
[White "AlexeiShirov"]
[Black "elohunter1999"]
[Result "1-0"]
[WhiteElo "2830"]
[BlackElo "2610"]
[TimeControl "180+1"]
[EndTime "11:32:33 PDT"]
[Termination "AlexeiShirov won by checkmate"]

1. e4 e5 2. Nf3 Nc6 3. Bb5 a6 4. Ba4 Nf6 5. O-O b5 6. Bb3 Bb7 7. d3 Bc5 8. Be3 Bxe3 9. fxe3 d6 10. a4 Ne7 11. Nc3 b4 12. Ne2 Ng6 13. Ng3 a5 14.
Nf5 O-O 15. Qe1 c6 16. Qg3 Qc7 17. N3h4 d5 18. Rf2 c5 19. exd5 Bxd5 20. Bxd5 Nxd5 21. Raf1 Ra7 22. b3 Qc6 23. Qg5 f6 24. Nxg6 Qe8 25. Nge7+ Nxe7 26. Qxg7# 1-0

[Event "*** SCC Grand Prix: Titled Tuesday Blitz"]
[Site "Chess.com"]
[Date "2020.10.13"]
[Round "8"]
[White "chigorin28"]
[Black "Kavyev_Ruslan"]
[Result "0-1"]
[WhiteElo "2426"]
[BlackElo "2564"]
[TimeControl "180+1"]
[EndTime "11:32:35 PDT"]
[Termination "Kavyev_Ruslan won by resignation"]

1. e4 c5 2. Nf3 d6 3. d4 cxd4 4. Nxd4 Nf6 5. Nc3 a6 6. Bg5 Nbd7 7. f3 Qb6 8. Nb3 e6 9. Qd2 Be7 10. O-O-O Qc7 11. h4 b5 12. g4 b4 13. Ne2 a5 14.
Nbd4 Rb8 15. Kb1 O-O 16. h5 Ne5 17. Nc1 a4 18. h6 g6 19. f4 Nxe4 20. Qe3 Nxg5 21.
fxg5 a3 22. Be2 axb2 23. Kxb2 Bb7 24. Nb5 Qa5 25. Nb3 Qa4 26. Ra1 Bxh1 27. Rxh1 Rxb5 28.
Bxb5 Qxb5 29. Kb1 Nc4 30. Qf4 Bxg5 31. Qd4 Na3+ 32. Kb2 Qe5 33. Qxe5 dxe5 34. Nc5 Rc8 35. Nd3 e4 36. Nxb4 Nc4+ 37. Kb3 e3 38. c3 Bf6 39.
Rf1 Nd2+ 0-1

[Event "*** SCC Grand Prix: Titled Tuesday Blitz"]
[Site "Chess.com"]
[Date "2020.10.13"]
[Round "8"]
[White "olksuna"]
[Black "LedakovAlexandr"]
[Result "1-0"]
[WhiteElo "2613"]
[BlackElo "2462"]
[TimeControl "180+1"]
[EndTime "11:32:36 PDT"]
[Termination "olksuna won by resignation"]

1. e4 Nc6 2. Nf3 d6 3. d4 g6 4. Be2 Bg7 5. O-O Nf6 6. Nc3 Kf8 7. Re1 Bg4 8. Be3 Bxf3 9. Bxf3 e5 10. dxe5 dxe5 11.
Nd5 Nd4 12. c3 Nxf3+ 13. Qxf3 Nxd5 14. exd5 f5 15. Rad1 Kf7 16. d6 c6 17. d7 Qc7 18.
Qe2 b5 19. Qc2 Rhd8 20. Qb3+ Kf6 21. f4 Bf8 22. fxe5+ Kg7 23. Qe6 Rab8 24. Bg5 Rb7 25. Qf6+ Kg8 26. Qxd8 1-0

[Event "*** SCC Grand Prix: Titled Tuesday Blitz"]
[Site "Chess.com"]
[Date "2020.10.13"]
[Round "8"]
[White "GM_Huschenbeth"]
[Black "Oglob71"]
[Result "1-0"]
[WhiteElo "2363"]
[BlackElo "2466"]
[TimeControl "180+1"]
[EndTime "11:32:36 PDT"]
[Termination "GM_Huschenbeth won by resignation"]

1. e4 c5 2. Nf3 d6 3. d4 cxd4 4. Nxd4 Nf6 5. Nc3 Nc6 6. Bg5 Bd7 7. Qd2 Rc8 8. f4 Nxd4 9. Qxd4 Qa5 10. e5 dxe5 11.
fxe5 e6 12. O-O-O Bc6 13. Nb5 Nd5 14. Nd6+ Bxd6 15. exd6 O-O 16. Kb1 f6 17. Bc1 Bd7 18.
c4 Nb4 19. a3 Nc6 20. Qg4 h5 21. Qe4 f5 22. Qh4 Qa4 23. Be2 Ne5 24. Rd4 b5 25. c5 Qb3 26. Bd1 Qc4 27. Rxc4 bxc4 28. Bxh5 Rxc5 29. Bf4 Rb8 30. Bxe5 Rxe5 31. Bg6 1-0

[Event "*** SCC Grand Prix: Titled Tuesday Blitz"]
[Site "Chess.com"]
[Date "2020.10.13"]
[Round "8"]
[White "ftorodent"]
[Black "Chessdude1987"]
[Result "1-0"]
[WhiteElo "2671"]
[BlackElo "2288"]
[TimeControl "180+1"]
[EndTime "11:32:37 PDT"]
[Termination "ftorodent won by resignation"]

1. d4 Nf6 2. c4 c5 3. d5 e6 4. Nc3 exd5 5. cxd5 d6 6. Nf3 g6 7. Bf4 a6 8. a4 Bg7 9. h3 O-O 10. e3 Re8 11. Nd2 Nh5 12. Bh2 Be5 13. Bxe5 dxe5 14. Be2 Nf6 15. Nc4 e4 16. O-O h5 17. Qd2 Bf5 18. Rfd1 Nbd7 19. Nd6 Re5 20. Nc4 Re8 21. a5 Ne5 22. Nxe5 Rxe5 23. Rab1 Rc8 24. Bf1 c4 25. Qd4 Nd7 26. Ra1 Qc7 27. Ra4 b5 28. axb6 Qxb6 29. Rxc4 Rb8 30. b4 Rbe8 31. Rc6 Qb8 32. Rxa6 Nf6 33. Rxf6 Qc8 34. Rc6 Bxh3 35. Rxc8 1-0

[Event "*** SCC Grand Prix: Titled Tuesday Blitz"]
[Site "Chess.com"]
[Date "2020.10.13"]
[Round "8"]
[White "Beltsychess"]
[Black "VerdeNotte"]
[Result "1-0"]
[WhiteElo "2652"]
[BlackElo "2817"]
[TimeControl "180+1"]
[EndTime "11:32:49 PDT"]
[Termination "Beltsychess won by resignation"]

1. d4 d5 2. Nf3 c6 3. Bg5 h6 4.
Bh4 Qb6 5. b3 Bf5 6. e3 e6 7.
Bd3 Bxd3 8. Qxd3 Qa6 9. c4 Bb4+ 10. Nbd2 Nd7 11. O-O Ngf6 12. a3 Be7 13. Rfd1 O-O 14.
Ne5 Rfe8 15. Ndf3 Rad8 16. c5 Qxd3 17. Rxd3 g5 18. Bg3 Nh5 19. Nxd7 Rxd7 20. b4 Bd8 21. Bd6 f6 22. Re1 Ng7 23. h3 Nf5 24. Bh2 Bc7 25. Bxc7 Rxc7 26. g4 Ne7 27. a4 Ng6 28. Rb3 e5 29.
Reb1 Rf7 30. b5 f5 31. bxc6 bxc6 32. Rb7 fxg4 33. Rxf7 Kxf7 34. hxg4 e4 35. Nd2 Nf8 36.
Rb7+ Re7 37. Rb8 Rc7 38. Kg2 Nd7 39. Rh8 Nf6 40. Nb3 Nxg4 41. Rh7+ 1-0

[Event "*** SCC Grand Prix: Titled Tuesday Blitz"]
[Site "Chess.com"]
[Date "2020.10.13"]
[Round "8"]
[White "ehrenfeld"]
[Black "xamax2000"]
[Result "0-1"]
[WhiteElo "2477"]
[BlackElo "2664"]
[TimeControl "180+1"]
[EndTime "11:32:49 PDT"]
[Termination "xamax2000 won by resignation"]

1. e4 c5 2. Nc3 d6 3. f4 g6 4. Nf3 Bg7 5. Bc4 Nc6 6. O-O e6 7. d4 cxd4 8. Nb5 Nge7 9. Nbxd4 O-O 10. Nxc6 bxc6 11. c3 d5 12. Bd3 Ba6 13. Bxa6 Qb6+ 14. Kh1 Qxa6 15. e5 c5 16. Be3 Rfc8 17. Qd2 Rab8 18. b3 Qa5 19. c4 Qa6 20. Rac1 Bf8 21.
Bf2 dxc4 22. Rxc4 Nd5 23. Rfc1 Be7 24. g3 Rc6 25. Kg2 Rbc8 26. Qe2 Qb7 27. Qe4 Ra6 28. R1c2 Qd7 29. Be1 Rd8 30. Bd2 Nb6 31. R4c3 c4 32. bxc4 Na4 33. Re3 Nc5 0-1

[Event "*** SCC Grand Prix: Titled Tuesday Blitz"]
[Site "Chess.com"]
[Date "2020.10.13"]
[Round "8"]
[White "Sesleria"]
[Black "rugbyclub"]
[Result "0-1"]
[WhiteElo "2025"]
[BlackElo "2203"]
[TimeControl "180+1"]
[EndTime "11:32:51 PDT"]
[Termination "rugbyclub won by checkmate"]

1. d4 Nf6 2. c4 e6 3. Nc3 Bb4 4. Qc2 d5 5. a3 Bxc3+ 6. Qxc3 c5 7. dxc5 d4 8. Qg3 O-O 9. Bh6 Ne8 10. O-O-O Nc6 11.
Nf3 a5 12. e3 e5 13. exd4 exd4 14. Bg5 f6 15. Bf4 a4 16. Bd3 Qa5 17. Qh4 g6 18.
Bd6 Rf7 19. Rhe1 Bd7 20. Nxd4 Nxd6 21. cxd6 Ne5 22. Bf1 Rc8 23. Kb1 Nxc4 24. Bxc4 Rxc4 25. Re7 Bf5+ 26. Ka1 Qc5 27. Rxf7 Rc1+ 28. Rxc1 Qxc1+ 29. Ka2 Qb1# 0-1

[Event "*** SCC Grand Prix: Titled Tuesday Blitz"]
[Site "Chess.com"]
[Date "2020.10.13"]
[Round "8"]
[White "Legendinunknown"]
[Black "Zkid"]
[Result "0-1"]
[WhiteElo "2609"]
[BlackElo "2818"]
[TimeControl "180+1"]
[EndTime "11:32:53 PDT"]
[Termination "Zkid won by resignation"]

1. d4 d5 2. c4 dxc4 3. e4 Nf6 4. e5 Nd5 5. Bxc4 Nc6 6. Ne2 Bf5 7. Nbc3 Nb6 8. Bb3 e6 9. O-O Qd7 10. Be3 O-O-O 11. Rc1 Kb8 12. Na4 Nb4 13. Nxb6 axb6 14.
Nc3 Be7 15. Qd2 f6 16. f4 fxe5 17. fxe5 Nc6 18. Ba4 Qc8 19. Bxc6 bxc6 20. Qe2 c5 21. dxc5 Bd3 22. Qg4 Bxf1 23. Rxf1 Rd3 24. Bf2 Bxc5 25. Bxc5 bxc5 26. Qc4 Rhd8 27. Qxc5 Qb7 28. Rf4 Kc8 29.
Rb4 Qa8 30. Ra4 Rd1+ 31. Kf2 R1d2+ 32. Ke3 Qxg2 33. Qc4 Qf2+ 34. Ke4 Qf5+ 35. Ke3 R8d3+ 0-1

[Event "*** SCC Grand Prix: Titled Tuesday Blitz"]
[Site "Chess.com"]
[Date "2020.10.13"]
[Round "8"]
[White "ailime26"]
[Black "SophieNikoladze"]
[Result "0-1"]
[WhiteElo "1885"]
[BlackElo "2249"]
[TimeControl "180+1"]
[EndTime "11:32:53 PDT"]
[Termination "SophieNikoladze won by resignation"]

1. e4 d6 2. d4 Nf6 3. Nc3 e5 4. Nf3 exd4 5. Nxd4 Be7 6. Be3 O-O 7. f3 a6 8. Qd2 c5 9. Nb3 Be6 10. O-O-O Bxb3 11. axb3 Nc6 12. g4 Ne5 13. Qf2 Nfxg4 14. Qg1 Nxe3 15. Qxe3 Qa5 16. Kb1 b5 17. Nd5 Bd8 18.
f4 Nc6 19. Rg1 f6 20. f5 Ne5 21. Qg3 Rf7 22. Nf4 Be7 23. Ne6 Bf8 24. h4 Nc6 25. h5 Nb4 26. Kc1 Qa1+ 27. Kd2 Qxb2 28.
h6 Qxc2+ 29. Ke1 Qxe4+ 30. Be2 Qxf5 31. Nxg7 Bxg7 32. hxg7 Re8 33. Qg2 Rfe7 34. Rd2 Nc2+ 35. Kd1 Ne3+ 0-1

[Event "*** SCC Grand Prix: Titled Tuesday Blitz"]
[Site "Chess.com"]
[Date "2020.10.13"]
[Round "8"]
[White "penguingm1"]
[Black "Beca95"]
[Result "0-1"]
[WhiteElo "2849"]
[BlackElo "2927"]
[TimeControl "180+1"]
[EndTime "11:32:54 PDT"]
[Termination "Beca95 won by resignation"]

1. d4 g6 2. c4 Bg7 3. Nc3 d6 4. e4 e5 5. d5 a5 6. Nge2 h5 7. Be3 Bh6 8. Bxh6 Nxh6 9. Qd2 Na6 10. Nc1 Nc5 11. Nd3 b6 12. Nxc5 bxc5 13. Bd3 Bd7 14. O-O g5 15. Nd1 Kf8 16. Ne3 Kg7 17. b3 Qf6 18. Rab1 h4 19. Qc2 g4 20. f3 g3 21. h3 Qf4 22. Qd2 Ng8 23. Rfe1 Ne7 24.
Rb2 Ng6 25. Reb1 Rhb8 26. Nf1 Qxd2 27. Nxd2 Nf4 28. Bf1 f5 29. Re1 a4 30. Rc1 axb3 31. axb3 Ra3 32. Rcb1 Kf6 33. Re1 Ke7 34. Reb1 Kf6 35.
Re1 Be8 36. Reb1 Bg6 37. Re1 fxe4 38. fxe4 Bh5 39. Kh1 Rba8 40. Kg1 Ra1 41. Reb1 Rxb1 42. Nxb1 Ra1 43. Kh1 Be2 44. Kg1 Bd3 45. Nd2 Ne2+ 46. Kh1 Nc3 47. Kg1 Nd1 48. Bxd3 Nxb2+ 49. Bb1 Nd1 50. Kf1 Nc3 0-1

[Event "*** SCC Grand Prix: Titled Tuesday Blitz"]
[Site "Chess.com"]
[Date "2020.10.13"]
[Round "8"]
[White "BJthechessgod"]
[Black "canary2016"]
[Result "1-0"]
[WhiteElo "2252"]
[BlackElo "1955"]
[TimeControl "180+1"]
[EndTime "11:33:00 PDT"]
[Termination "BJthechessgod won on time"]

1. e4 e5 2. Nf3 Nf6 3. Nc3 Bb4 4. d3 O-O 5. Bd2 d6 6. Be2 Nc6 7. O-O Bg4 8. Nd5 Bxd2 9. Qxd2 Be6 10. c4 Ne7 11.
Nxf6+ gxf6 12. Qh6 Ng6 13. h4 Nf4 14. Rae1 Re8 15. g3 Nxe2+ 16. Rxe2 Bg4 17. Kg2 Re6 18. Re3 f5 19. Qg5+ Qxg5 20. Nxg5 Rg6 21. f3 Bh5 22. exf5 Rg7 23. g4 h6 24. Ne4 Bxg4 25. Nf6+ Kh8 26. fxg4 Rc8 27. Nh5 Rxg4+ 28. Kh3 Rgg8 29. Nf6 Rg7 30.
Rg3 Rxg3+ 31. Kxg3 Kg7 32. Nh5+ Kh7 33. Kh3 Rd8 34. Rg1 Rf8 35. Nf6+ Kh8 36. h5 Rd8 37.
Kh4 Rc8 38. Rg4 Rd8 39. d4 c6 40. dxe5 dxe5 41. c5 b6 42. b4 bxc5 43. bxc5 a5 44. a4 Rc8 45. Nd7 Rd8 46. Nxe5 Re8 47. Nxf7+ Kh7 48.
Rg6 Rf8 49. Nxh6 Kh8 50. Ng4 Kh7 51. Nf6+ Kh8 52. h6 Rd8 53. Kg5 Rc8 54. Rg8+ 1-0

[Event "*** SCC Grand Prix: Titled Tuesday Blitz"]
[Site "Chess.com"]
[Date "2020.10.13"]
[Round "8"]
[White "kleopl"]
[Black "QuintilianoR"]
[Result "0-1"]
[WhiteElo "2469"]
[BlackElo "2626"]
[TimeControl "180+1"]
[EndTime "11:33:02 PDT"]
[Termination "QuintilianoR won by resignation"]

1. c4 e6 2. Nc3 d5 3. cxd5 exd5 4.
d4 c6 5. Qc2 Nf6 6. Bg5 Be7 7. e3 Nbd7 8. Bd3 Nh5 9. Bxe7 Qxe7 10.
Nf3 g6 11. O-O O-O 12. Rab1 a5 13. a3 Nb6 14. b4 axb4 15. axb4 Be6 16. b5 c5 17. dxc5 Qxc5 18. Ne2 Qxc2 19. Bxc2 Rfc8 20. Bd3 Ra3 21. Rfd1 Nf6 22. Ned4 Kf8 23. h3 Ke7 24. Ra1 Rca8 25. Rxa3 Rxa3 26. Bf1 Ne4 27. Rc1 Kd6 28. Rc2 Bd7 29. Nd2 Nxd2 30. Rxd2 Ra1 31. f3 Nc4 32. Re2 Rb1 33. Kf2 Bxb5 34. Nxb5+ Rxb5 35. Ra2 Rb2+ 36. Rxb2 Nxb2 37. Ke2 Kc5 38. Kd2 Nc4+ 39. Kd3 b5 40. Be2 b4 41. e4 Ne5+ 42. Ke3 d4+ 43. Kd2 b3 44. f4 Nc4+ 45. Kc1 Kb4 46. g4 Kc3 47. Bxc4 Kxc4 48. Kd2 d3 49. e5 b2 0-1

[Event "*** SCC Grand Prix: Titled Tuesday Blitz"]
[Site "Chess.com"]
[Date "2020.10.13"]
[Round "8"]
[White "GameOverBro"]
[Black "tteshan"]
[Result "1-0"]
[WhiteElo "2542"]
[BlackElo "2383"]
[TimeControl "180+1"]
[EndTime "11:33:02 PDT"]
[Termination "GameOverBro won by resignation"]

1. e4 c5 2. Ne2 Nc6 3. Nbc3 g6 4. d4 cxd4 5. Nxd4 Bg7 6. Nde2 Nf6 7. g3 O-O 8. Bg2 d6 9. O-O a6 10. a4 Bd7 11. h3 Rc8 12. Nd5 Nxd5 13. exd5 Ne5 14. Ra2 Qb6 15. b3 h5 16. Be3 Qa5 17. f4 Ng4 18.
hxg4 hxg4 19. c4 Bf6 20. Qd2 Qc7 21. a5 Kg7 22. Bb6 Qb8 23. Nd4 Rh8 24. f5 Rh5 25. fxg6 fxg6 26. Qe3 Rch8 27. Raf2 R8h7 28. Rxf6 exf6 29.
Qe7+ Kg8 30. Qxf6 Qe8 31. Ne6 Bxe6 32. dxe6 Re7 33. Bd4 Kh7 34. Bd5 Kg8 35. Qf7+ Rxf7 36. exf7+ Qxf7 37. Rxf7 Rxd5 38. cxd5 Kxf7 39. Kf2 g5 40. Ke3 Kg6 41. Ke4 Kh5 42. Kf5 Kh6 43. Bf6 1-0

[Event "*** SCC Grand Prix: Titled Tuesday Blitz"]
[Site "Chess.com"]
[Date "2020.10.13"]
[Round "8"]
[White "cassoulet"]
[Black "WPWPWP-2015"]
[Result "1-0"]
[WhiteElo "2710"]
[BlackElo "2497"]
[TimeControl "180+1"]
[EndTime "11:33:03 PDT"]
[Termination "cassoulet won by checkmate"]

1. e4 e5 2. Nf3 Nc6 3. Bc4 Nf6 4. d3 Be7 5. O-O O-O 6. Nc3 d6 7. a3 Na5 8. Ba2 c5 9. Bg5 Nc6 10. h3 Be6 11. Bxf6 Bxf6 12. Bd5 Rb8 13. Rb1 Ne7 14.
Bxe6 fxe6 15. b4 b6 16. Ne2 Ng6 17. c3 Qe8 18. Qb3 Kh8 19. Nh2 Bg5 20. Ng4 Qf7 21.
Kh1 h5 22. Nh2 Nh4 23. Qd1 Be7 24. f4 Bf6 25. fxe5 dxe5 26. Ng3 g6 27. bxc5 bxc5 28. Rxb8 Rxb8 29. Nf3 Qe7 30. Ng1 Kg7 31. N3e2 Rb2 32. g3 c4 33. d4 Qb7 34. d5 exd5 35. gxh4 d4 36. Ng3 Qd7 37. Qf3 Rb6 38. cxd4 exd4 39. e5 Bxe5 40. Qf8+ Kh7 41. Rf7+ Qxf7 42. Qxf7+ Bg7 43.
Nf3 c3 44. Ng5+ Kh6 45. Qg8 Rb1+ 46. Kg2 Rb2+ 47. Kf3 Rg2 48. Qh7# 1-0